[ PARTIDA AOE2 · #479026174 ]
UnrankedDrávidas vs Wu
Equipo del jugador · VICT
Equipo rival · DERR
[ ANÁLISIS DE REPETICIÓN · EXTRAÍDO DE LA PARTIDA GRABADA ]
Feudal
8:51
Castillos
19:25
Imperial
36:48
| APM promedio | 71.3 |
| APM pico | 119 |
| eAPM promedio | 39.9 |
| Aldeanos / militares | 112 / 120 |
Foco
⚔️ 59.5% · 🌾 40.5%
Militia ×50 · Archer ×45 · Skirmisher ×14 · Battle Elephant ×10 · Monk ×1
Feudal
9:18
Castillos
22:20
Imperial
—
| APM promedio | 98.0 |
| APM pico | 148 |
| eAPM promedio | 39.6 |
| Aldeanos / militares | 148 / 93 |
Foco
⚔️ 30.6% · 🌾 69.4%
Militia ×51 · Unknown (1974) ×28 · Spearman ×17 · Skirmisher ×10 · Monk ×7 · Archer ×5
Mapa de la partida
Recursos iniciales + cada clic de construcción. Líneas = muros · curvas = relieve. ◆ oro · ⬟ piedra · ● bayas · ✦ reliquia · ◌ hueco del cierre
Tu base· Abierta — hueco de 7t
Base de jsemosoom· Abierta — hueco de 5t
Terreno inicial suavizado · ◌ = hueco del cierre detectado · pasá el cursor para detalles
Inputs por minuto
— scheißegal - - jsemosoom
Build order — scheißegal
Primeras 150 de 319 acciones detectadas
| 0:00 | Crear | Villager (Male) ×4 |
| 0:02 | Construir | House |
| 0:03 | Construir | House |
| 1:32 | Crear | Villager (Male) |
| 1:48 | Crear | Villager (Male) |
| 2:02 | Construir | Lumber Camp |
| 2:25 | Crear | Villager (Male) |
| 2:49 | Crear | Villager (Male) |
| 2:57 | Crear | Villager (Male) |
| 3:18 | Crear | Villager (Male) |
| 3:53 | Construir | House |
| 4:01 | Crear | Villager (Male) |
| 4:14 | Construir | House |
| 4:22 | Crear | Villager (Male) |
| 4:29 | Construir | Palisade Wall |
| 4:42 | Crear | Villager (Male) |
| 4:58 | Crear | Villager (Male) |
| 5:21 | Construir | Barracks |
| 5:40 | Crear | Villager (Male) |
| 5:40 | Investigar | Loom |
| 5:42 | Construir | Palisade Wall |
| 6:36 | Investigar | Feudal Age |
| 6:56 | Construir | Mining Camp |
| 6:58 | Crear | Militia |
| 7:00 | Construir | Palisade Wall |
| 7:05 | Crear | Militia |
| 7:40 | Crear | Militia |
| 7:50 | Construir | Mill |
| 8:19 | Construir | Palisade Wall |
| 8:21 | Construir | Palisade Wall |
| 8:27 | Crear | Villager (Male) |
| 8:37 | Construir | House |
| 8:51 | Edad | Edad Feudal |
| 8:51 | Construir | Palisade Wall |
| 8:54 | Investigar | Man-at-Arms (upgrade) |
| 9:10 | Crear | Villager (Male) |
| 9:21 | Construir | Archery Range |
| 9:40 | Crear | Villager (Male) |
| 9:50 | Construir | House |
| 10:00 | Construir | Farm |
| 10:00 | Investigar | Double-Bit Axe |
| 10:02 | Crear | Villager (Male) |
| 10:04 | Construir | Farm |
| 10:05 | Construir | Farm |
| 10:16 | Crear | Archer |
| 10:22 | Crear | Villager (Male) |
| 10:23 | Crear | Archer |
| 10:41 | Construir | Farm |
| 10:54 | Crear | Villager (Male) |
| 11:03 | Construir | Farm |
| 11:15 | Crear | Skirmisher |
| 11:17 | Crear | Villager (Male) |
| 11:33 | Construir | Palisade Wall |
| 11:38 | Crear | Villager (Male) |
| 11:40 | Construir | Farm |
| 11:49 | Crear | Skirmisher |
| 12:00 | Construir | Farm |
| 12:07 | Crear | Skirmisher |
| 12:07 | Crear | Villager (Male) |
| 12:14 | Construir | House |
| 12:34 | Construir | Farm |
| 12:34 | Crear | Villager (Male) |
| 12:43 | Crear | Skirmisher |
| 12:59 | Crear | Villager (Male) |
| 13:03 | Construir | Farm |
| 13:11 | Crear | Skirmisher |
| 13:21 | Construir | Farm |
| 13:23 | Crear | Villager (Male) |
| 13:33 | Crear | Skirmisher |
| 13:40 | Crear | Villager (Male) |
| 13:51 | Construir | House |
| 14:00 | Crear | Archer |
| 14:18 | Crear | Villager (Male) |
| 14:21 | Construir | House |
| 14:33 | Crear | Archer |
| 14:38 | Construir | Market |
| 14:44 | Crear | Villager (Male) |
| 14:49 | Construir | Farm |
| 15:02 | Crear | Archer |
| 15:02 | Crear | Villager (Male) |
| 15:14 | Construir | Farm |
| 15:34 | Crear | Villager (Male) |
| 15:58 | Construir | Palisade Wall |
| 15:59 | Crear | Villager (Male) |
| 16:01 | Construir | Farm |
| 16:06 | Construir | House |
| 16:08 | Crear | Archer |
| 16:25 | Crear | Archer |
| 16:45 | Investigar | Castle Age |
| 16:49 | Construir | Palisade Wall |
| 17:03 | Crear | Skirmisher |
| 17:16 | Construir | Archery Range |
| 17:32 | Construir | Blacksmith |
| 18:01 | Crear | Skirmisher |
| 18:08 | Crear | Skirmisher |
| 18:09 | Investigar | Fletching |
| 18:19 | Crear | Skirmisher |
| 18:19 | Crear | Skirmisher |
| 18:33 | Construir | House |
| 18:42 | Crear | Villager (Male) |
| 19:25 | Edad | Edad de los Castillos |
| 19:27 | Investigar | Bodkin Arrow |
| 19:28 | Investigar | Elite Skirmisher (upgrade) |
| 19:32 | Investigar | Bow Saw |
| 19:46 | Crear | Villager (Male) |
| 19:55 | Investigar | Horse Collar |
| 20:13 | Crear | Skirmisher |
| 20:14 | Crear | Villager (Male) |
| 20:36 | Crear | Villager (Male) |
| 20:37 | Construir | Farm |
| 20:38 | Construir | Farm |
| 20:39 | Construir | Farm |
| 20:48 | Construir | Stable |
| 20:51 | Crear | Skirmisher |
| 20:51 | Crear | Skirmisher |
| 20:56 | Construir | House |
| 20:57 | Construir | Farm |
| 20:57 | Construir | Farm |
| 21:00 | Crear | Villager (Male) |
| 21:09 | Construir | House |
| 21:15 | Crear | Archer |
| 21:15 | Crear | Archer |
| 21:26 | Construir | Farm |
| 21:29 | Construir | Farm |
| 21:29 | Crear | Villager (Male) |
| 21:45 | Crear | Archer |
| 21:45 | Crear | Archer |
| 21:47 | Crear | Battle Elephant |
| 21:47 | Crear | Battle Elephant |
| 21:47 | Crear | Villager (Male) |
| 22:09 | Crear | Battle Elephant |
| 22:11 | Construir | Farm |
| 22:23 | Crear | Villager (Male) |
| 22:35 | Construir | House |
| 22:43 | Crear | Battle Elephant |
| 22:44 | Crear | Villager (Male) |
| 22:50 | Construir | Lumber Camp |
| 22:52 | Construir | House |
| 22:53 | Construir | House |
| 22:54 | Construir | House |
| 22:58 | Crear | Villager (Male) |
| 23:11 | Construir | Farm |
| 23:13 | Construir | Farm |
| 23:24 | Crear | Battle Elephant |
| 23:25 | Crear | Villager (Male) |
| 23:32 | Construir | Farm |
| 23:51 | Crear | Battle Elephant |
| 23:55 | Crear | Archer |
| 23:55 | Crear | Archer |
| 23:55 | Crear | Villager (Male) |
Build order — jsemosoom
Primeras 150 de 439 acciones detectadas
| 0:01 | Crear | Villager (Male) |
| 0:01 | Crear | Villager (Male) |
| 0:01 | Crear | Villager (Male) |
| 0:02 | Construir | House |
| 0:03 | Construir | House |
| 0:20 | Crear | Villager (Male) |
| 0:20 | Crear | Villager (Male) |
| 1:25 | Crear | Villager (Male) |
| 1:25 | Crear | Villager (Male) |
| 1:45 | Construir | Lumber Camp |
| 1:54 | Crear | Villager (Male) |
| 2:14 | Crear | Villager (Male) |
| 2:34 | Crear | Villager (Male) |
| 3:08 | Crear | Villager (Male) |
| 3:09 | Crear | Villager (Male) |
| 3:32 | Crear | Villager (Male) |
| 3:53 | Crear | Villager (Male) |
| 3:53 | Crear | Villager (Male) |
| 3:59 | Construir | House |
| 4:24 | Crear | Villager (Male) |
| 4:28 | Crear | Villager (Male) |
| 4:31 | Construir | Barracks |
| 4:58 | Construir | House |
| 5:17 | Crear | Villager (Male) |
| 5:23 | Crear | Militia |
| 5:23 | Crear | Militia |
| 5:38 | Crear | Villager (Male) |
| 6:08 | Crear | Villager (Male) |
| 6:15 | Construir | Mill |
| 6:41 | Investigar | Loom |
| 7:08 | Investigar | Feudal Age |
| 7:22 | Construir | Mining Camp |
| 7:41 | Crear | Villager (Male) |
| 7:42 | Crear | Villager (Male) |
| 7:53 | Crear | Militia |
| 8:07 | Construir | Palisade Wall |
| 8:08 | Construir | House |
| 8:09 | Construir | Palisade Wall |
| 9:04 | Construir | Palisade Wall |
| 9:16 | Construir | Palisade Wall |
| 9:16 | Construir | Palisade Wall |
| 9:18 | Edad | Edad Feudal |
| 9:18 | Construir | Palisade Wall |
| 9:24 | Crear | Villager (Male) |
| 9:27 | Construir | Archery Range |
| 9:37 | Crear | Spearman |
| 9:39 | Investigar | Double-Bit Axe |
| 9:39 | Investigar | Double-Bit Axe |
| 9:46 | Crear | Villager (Male) |
| 9:50 | Construir | House |
| 9:51 | Construir | Palisade Wall |
| 10:01 | Crear | Villager (Male) |
| 10:16 | Crear | Archer |
| 10:23 | Crear | Villager (Male) |
| 10:27 | Construir | Palisade Wall |
| 10:29 | Construir | Palisade Wall |
| 10:32 | Crear | Archer |
| 10:34 | Crear | Villager (Male) |
| 10:48 | Construir | House |
| 11:04 | Crear | Villager (Male) |
| 11:07 | Construir | Palisade Wall |
| 11:16 | Crear | Villager (Male) |
| 11:21 | Crear | Archer |
| 11:25 | Construir | House |
| 11:28 | Crear | Villager (Male) |
| 11:31 | Construir | House |
| 11:36 | Construir | Palisade Wall |
| 11:45 | Crear | Villager (Male) |
| 11:48 | Construir | Farm |
| 11:49 | Construir | Farm |
| 11:50 | Construir | Farm |
| 11:51 | Construir | Farm |
| 12:11 | Crear | Skirmisher |
| 12:24 | Investigar | Man-at-Arms (upgrade) |
| 12:29 | Construir | Farm |
| 12:34 | Crear | Villager (Male) |
| 12:38 | Construir | House |
| 12:41 | Construir | Palisade Wall |
| 12:47 | Crear | Villager (Male) |
| 13:05 | Crear | Archer |
| 13:07 | Crear | Villager (Male) |
| 13:10 | Crear | Militia |
| 13:19 | Crear | Villager (Male) |
| 13:30 | Construir | Blacksmith |
| 13:48 | Crear | Villager (Male) |
| 13:50 | Crear | Archer |
| 14:26 | Crear | Villager (Male) |
| 14:33 | Investigar | Scale Mail Armor |
| 14:36 | Crear | Skirmisher |
| 14:38 | Construir | Farm |
| 14:39 | Construir | Farm |
| 14:40 | Construir | Farm |
| 14:40 | Construir | Farm |
| 14:41 | Construir | Farm |
| 14:47 | Construir | Farm |
| 14:47 | Crear | Villager (Male) |
| 14:50 | Construir | Palisade Wall |
| 14:54 | Construir | Palisade Wall |
| 15:05 | Crear | Skirmisher |
| 15:13 | Crear | Villager (Male) |
| 15:26 | Construir | Farm |
| 15:27 | Construir | Farm |
| 15:29 | Crear | Villager (Male) |
| 15:45 | Investigar | Fletching |
| 15:46 | Crear | Skirmisher |
| 16:01 | Construir | Farm |
| 16:02 | Construir | Farm |
| 16:07 | Crear | Villager (Male) |
| 16:11 | Construir | Farm |
| 16:12 | Crear | Villager (Male) |
| 16:18 | Crear | Skirmisher |
| 16:27 | Construir | House |
| 16:29 | Construir | House |
| 16:34 | Crear | Villager (Male) |
| 16:43 | Crear | Skirmisher |
| 16:54 | Construir | Farm |
| 17:01 | Crear | Villager (Male) |
| 17:10 | Construir | Farm |
| 17:19 | Crear | Villager (Male) |
| 17:28 | Crear | Skirmisher |
| 17:55 | Crear | Villager (Male) |
| 18:10 | Crear | Skirmisher |
| 18:11 | Crear | Villager (Male) |
| 18:15 | Construir | Market |
| 18:19 | Crear | Skirmisher |
| 18:38 | Construir | Lumber Camp |
| 18:45 | Crear | Skirmisher |
| 18:58 | Crear | Villager (Male) |
| 19:40 | Investigar | Castle Age |
| 20:36 | Investigar | Horse Collar |
| 20:39 | Construir | Lumber Camp |
| 20:40 | Crear | Villager (Male) |
| 20:48 | Crear | Militia |
| 20:50 | Investigar | Forging |
| 20:56 | Construir | Barracks |
| 20:58 | Construir | Barracks |
| 21:03 | Construir | House |
| 21:03 | Construir | House |
| 21:13 | Crear | Militia |
| 21:13 | Crear | Militia |
| 21:16 | Construir | Palisade Wall |
| 21:27 | Crear | Villager (Male) |
| 21:28 | Construir | Farm |
| 21:28 | Construir | Farm |
| 21:29 | Construir | Farm |
| 21:30 | Construir | Farm |
| 21:56 | Construir | Farm |
| 21:57 | Crear | Militia |
| 21:59 | Crear | Militia |
| 22:01 | Construir | Farm |
Cronología de la partida
| 4:29 | scheißegal · wall_segment Palisade Wall x1 |
| 4:31 | jsemosoom · first_building Barracks |
| 5:21 | scheißegal · first_building Barracks |
| 5:42 | scheißegal · wall_segment Palisade Wall x2 |
| 7:00 | scheißegal · wall_segment Palisade Wall x1 |
| 8:07 | jsemosoom · wall_segment Palisade Wall x1 |
| 8:09 | jsemosoom · wall_segment Palisade Wall x5 |
| 8:19 | scheißegal · wall_segment Palisade Wall x1 |
| 8:21 | scheißegal · wall_segment Palisade Wall x2 |
| 8:51 | scheißegal · age_up feudal |
| 8:51 | scheißegal · wall_segment Palisade Wall x4 |
| 9:04 | jsemosoom · wall_segment Palisade Wall x2 |
| 9:16 | jsemosoom · wall_segment Palisade Wall x1 |
| 9:16 | jsemosoom · wall_segment Palisade Wall x1 |
| 9:18 | jsemosoom · age_up feudal |
| 9:18 | jsemosoom · wall_segment Palisade Wall x1 |
| 9:21 | scheißegal · first_building Archery Range |
| 9:27 | jsemosoom · first_building Archery Range |
| 9:51 | jsemosoom · wall_segment Palisade Wall x1 |
| 10:27 | jsemosoom · wall_segment Palisade Wall x1 |
| 10:29 | jsemosoom · wall_segment Palisade Wall x1 |
| 11:07 | jsemosoom · wall_segment Palisade Wall x1 |
| 11:33 | scheißegal · wall_segment Palisade Wall x8 |
| 11:36 | jsemosoom · wall_segment Palisade Wall x1 |
| 12:41 | jsemosoom · wall_segment Palisade Wall x14 |
| 14:50 | jsemosoom · wall_segment Palisade Wall x21 |
| 14:54 | jsemosoom · wall_segment Palisade Wall x10 |
| 15:58 | scheißegal · wall_segment Palisade Wall x6 |
| 16:49 | scheißegal · wall_segment Palisade Wall x3 |
| 17:31 | scheißegal · first_market_buy 100 wood |
| 19:25 | scheißegal · age_up castle |
| 19:30 | jsemosoom · first_market_buy 100 food |
| 20:48 | scheißegal · first_building Stable |
| 21:16 | jsemosoom · wall_segment Palisade Wall x1 |
| 22:20 | jsemosoom · age_up castle |
| 23:54 | jsemosoom · first_building Monastery |
| 24:04 | jsemosoom · first_market_sell 100 wood |
| 26:53 | scheißegal · first_building Monastery |
| 32:36 | scheißegal · first_building Castle |
| 32:42 | jsemosoom · first_building Siege Workshop |
| 32:51 | scheißegal · first_market_sell 100 food |
| 36:48 | scheißegal · age_up imperial |
| 37:39 | jsemosoom · first_building Castle |
| 38:05 | jsemosoom · wall_segment Stone Wall x1 |
| 38:15 | jsemosoom · resign |
[ ANÁLISIS IA · 1 CRÉDITO ]
¿Qué pasó realmente en esta partida?
Wolo.gg analiza cada decisión: build order, eco, micro, errores típicos por bracket. Análisis personalizado por WhatsApp o Discord en 30 segundos.
Guía civ
Drávidas
Perfil
Sueta